PBL
TIJUANA TOROS @ KELOWNA HEAT
09/29/2049
 
TOP OF THE 1ST
Tijuana Toros batting - Pitching for Kelowna Heat : RHP Chris Ebersole
Pitching: RHP Chris Ebersole
Batting: RHB Alex Diaz 0-0: Ball
1-0: Ball
2-0: Ball
3-0: Called Strike
3-1: Base on Balls
Batting: RHB Jerry Afghani 0-0: Ball
1-0: Called Strike
Alex Diaz is caught stealing 2nd base 2-4
1-1: Foul Ball, location: 2F
1-2: Foul Ball, location: 2F
1-2: Ball
2-2: Strikes out looking
Batting: RHB Tan-ming Kwan 0-0: Called Strike
0-1: Ball
1-1: Swinging Strike
1-2: SINGLE (Line Drive, 89M, EV 105.0 MPH)
Batting: RHB Guillermo Puente 0-0: Swinging Strike
Tan-ming Kwan is caught stealing 2nd base 2-4
Top of the 1st over - 0 runs, 1 hit, 0 errors, 0 left on base; Tijuana 0 - Kelowna 0
BOTTOM OF THE 1ST
Kelowna Heat batting - Pitching for Tijuana Toros : RHP Jose Diaz
Pitching: RHP Jose Diaz
Batting: LHB Willy Berrios 0-0: Ball
1-0: Called Strike
1-1: Ball
2-1: Foul Ball, location: 2F
2-2: Strikes out swinging
Batting: RHB Sean Gilbert 0-0: Ball
1-0: Foul Ball, location: 2F
1-1: Ball
2-1: Ball
3-1: Base on Balls
Batting: LHB Billy Lang 0-0: Ball
1-0: Foul Ball, location: 2F
1-1: Swinging Strike
1-2: Ball
2-2: Ball
3-2: Fly out, F8 (Flyball, 8RM, EV 96.2 MPH)
Batting: LHB Alex Larangho 0-0: Ball
Sean Gilbert is caught stealing 2nd base 2-6
Bottom of the 1st over - 0 runs, 0 hits, 0 errors, 0 left on base; Tijuana 0 - Kelowna 0
TOP OF THE 2ND
Tijuana Toros batting - Pitching for Kelowna Heat : RHP Chris Ebersole
Batting: RHB Guillermo Puente 0-0: Ball
1-0: Ball
2-0: Ball
3-0: Called Strike
3-1: Foul Ball, location: 2F
3-2: Foul Ball, location: 2F
3-2: Fly out, F8 (Flyball, 89D, EV 86.9 MPH)
Batting: RHB John Hanson 0-0: Ball
1-0: Swinging Strike
1-1: Swinging Strike
1-2: Strikes out swinging
Batting: RHB Jesus Herrera 0-0: Called Strike
0-1: Ball
1-1: Swinging Strike
1-2: Fly out, F8 (Flyball, 89S, EV 89.4 MPH)
Top of the 2nd over - 0 runs, 0 hits, 0 errors, 0 left on base; Tijuana 0 - Kelowna 0
BOTTOM OF THE 2ND
Kelowna Heat batting - Pitching for Tijuana Toros : RHP Jose Diaz
Batting: LHB Alex Larangho 0-0: Ball
1-0: Called Strike
1-1: SOLO HOME RUN (Flyball, 9D, EV 98.1 MPH), Distance : 374 ft
Batting: SHB Michael Woodard 0-0: Ball
1-0: Called Strike
1-1: Called Strike
1-2: Ball
2-2: Ball
3-2: Foul Ball, location: 2F
3-2: Foul Ball, location: 2F
3-2: Ground out U3 (Groundball, 34, EV 101.2 MPH)
Batting: RHB Jose Sanchez 0-0: Ball
1-0: Swinging Strike
1-1: Swinging Strike
1-2: Ball
2-2: Ball
3-2: Foul Ball, location: 2F
3-2: Fly out, F7 (Flyball, 7D, EV 90.0 MPH)
Batting: LHB Robert Leary 0-0: Ball
1-0: Foul Ball, location: 2F
1-1: Ball
2-1: Swinging Strike
2-2: Strikes out looking
Bottom of the 2nd over - 1 run, 1 hit, 0 errors, 0 left on base; Tijuana 0 - Kelowna 1
TOP OF THE 3RD
Tijuana Toros batting - Pitching for Kelowna Heat : RHP Chris Ebersole
Batting: RHB Djoka Subasic 0-0: Ball
1-0: Fly out, F8 (Flyball, 8RS, EV 93.1 MPH)
Batting: LHB Jose Diaz 0-0: Foul Ball, location: 2F
0-1: Foul Ball, location: 2F
0-2: Ball
1-2: Foul Ball, location: 2F
1-2: Ball
2-2: Foul Ball, location: 2F
2-2: Foul Ball, location: 2F
2-2: Ball
3-2: Foul Ball, location: 2F
3-2: Ground out 4-3 (Groundball, 4, EV 106.9 MPH)
Batting: RHB Clay Holgate 0-0: Ball
1-0: Swinging Strike
1-1: Ground out 6-3 (Groundball, 56, EV 101.2 MPH)
Top of the 3rd over - 0 runs, 0 hits, 0 errors, 0 left on base; Tijuana 0 - Kelowna 1
BOTTOM OF THE 3RD
Kelowna Heat batting - Pitching for Tijuana Toros : RHP Jose Diaz
Batting: RHB Glen Limeburner 0-0: Fly out, F4 (Line Drive, 4M, EV 71.2 MPH)
Batting: RHB Joe Nelson 0-0: Called Strike
0-1: Swinging Strike
0-2: Ball
1-2: Strikes out swinging
Batting: LHB Willy Berrios 0-0: Called Strike
0-1: Foul Ball, location: 2F
0-2: Ball
1-2: Ball
2-2: Strikes out swinging
Bottom of the 3rd over - 0 runs, 0 hits, 0 errors, 0 left on base; Tijuana 0 - Kelowna 1
TOP OF THE 4TH
Tijuana Toros batting - Pitching for Kelowna Heat : RHP Chris Ebersole
Batting: RHB Alex Diaz 0-0: Ground out 4-3 (Groundball, 4S, EV 63.8 MPH)
Batting: RHB Jerry Afghani 0-0: Ball
1-0: Ground out 6-3 (Groundball, 56, EV 98.8 MPH)
Batting: RHB Tan-ming Kwan 0-0: Swinging Strike
0-1: Swinging Strike
0-2: Ball
1-2: Strikes out swinging
Top of the 4th over - 0 runs, 0 hits, 0 errors, 0 left on base; Tijuana 0 - Kelowna 1
BOTTOM OF THE 4TH
Kelowna Heat batting - Pitching for Tijuana Toros : RHP Jose Diaz
Batting: RHB Sean Gilbert 0-0: Ball
1-0: Ball
2-0: Ball
3-0: Called Strike
3-1: Called Strike
3-2: Foul Ball, location: 2F
3-2: Foul Ball, location: 2F
3-2: Ground out 4-3 (Groundball, 4, EV 88.8 MPH)
Batting: LHB Billy Lang 0-0: Foul Ball, location: 2F
0-1: Ball
1-1: Ball
2-1: Foul Ball, location: 2F
2-2: Ball
3-2: SINGLE (Line Drive, 89S, EV 89.4 MPH)
Batting: LHB Alex Larangho 0-0: Grounds out, U3 (Groundball, 3L, EV 101.9 MPH)
Batting: SHB Michael Woodard 0-0: Swinging Strike
0-1: Foul Ball, location: 2F
0-2: SINGLE (Groundball, 4M, EV 91.9 MPH) (infield hit)
Billy Lang to third
Batting: RHB Jose Sanchez 0-0: Called Strike
0-1: Ball
1-1: Ball
2-1: Ball
3-1: Foul Ball, location: 2F
3-2: Foul Ball, location: 2F
3-2: Base on Balls
Michael Woodard to second
Batting: LHB Robert Leary 0-0: Foul Ball, location: 2F
0-1: Foul Ball, location: 2F
0-2: Strikes out swinging
Bottom of the 4th over - 0 runs, 2 hits, 0 errors, 3 left on base; Tijuana 0 - Kelowna 1
TOP OF THE 5TH
Tijuana Toros batting - Pitching for Kelowna Heat : RHP Chris Ebersole
Batting: RHB Guillermo Puente 0-0: Called Strike
0-1: Swinging Strike
0-2: Strikes out swinging
Batting: RHB John Hanson 0-0: Called Strike
0-1: Foul Ball, location: 2F
0-2: Foul Ball, location: 2F
0-2: Ball
1-2: Ball
2-2: Strikes out swinging
Batting: RHB Jesus Herrera 0-0: Ball
1-0: Ground out 5-3 (Groundball, 56S, EV 85.0 MPH)
Top of the 5th over - 0 runs, 0 hits, 0 errors, 0 left on base; Tijuana 0 - Kelowna 1
BOTTOM OF THE 5TH
Kelowna Heat batting - Pitching for Tijuana Toros : RHP Jose Diaz
Batting: RHB Glen Limeburner 0-0: Ball
1-0: Ball
2-0: Ball
3-0: Called Strike
3-1: Base on Balls
Pitching: RHP Vince Deschamps
Batting: RHB Joe Nelson 0-0: Called Strike
0-1: Ball
1-1: Ground out 4-3 (Groundball, 34, EV 103.8 MPH)
Glen Limeburner to second
Batting: LHB Willy Berrios 0-0: Ball
1-0: Foul Ball, location: 2F
1-1: Foul Ball, location: 2F
1-2: Strikes out looking
Batting: RHB Sean Gilbert 0-0: Called Strike
0-1: DOUBLE (Line Drive, 9LM, EV 107.5 MPH)
Glen Limeburner scores
Batting: LHB Billy Lang 0-0: Ball
1-0: Ball
2-0: Ball
3-0: Called Strike
3-1: Called Strike
3-2: Base on Balls
Batting: LHB Alex Larangho 0-0: Foul Ball, location: 2F
0-1: Ball
1-1: Foul Ball, location: 2F
1-2: Foul Ball, location: 2F
1-2: Ball
2-2: Ground out 4-3 (Groundball, 4, EV 107.5 MPH)
Bottom of the 5th over - 1 run, 1 hit, 0 errors, 2 left on base; Tijuana 0 - Kelowna 2
TOP OF THE 6TH
Tijuana Toros batting - Pitching for Kelowna Heat : RHP Chris Ebersole
Batting: RHB Djoka Subasic 0-0: Ball
1-0: Reached on error, E5 (Groundball, 56, EV 76.9 MPH)
Batting: LHB Jose Diaz 0-0: Ball
1-0: Called Strike
1-1: Ball
2-1: Foul Ball, location: 2F
2-2: Ball
3-2: Ground out U3 (Groundball, 34S, EV 89.4 MPH)
Djoka Subasic to second
Pinch Hitting: RHB Tony Vasquez 0-0: Reached on error, E6 (Groundball, 6, EV 89.4 MPH)
Djoka Subasic scores
Batting: RHB Alex Diaz 0-0: Ball
Tony Vasquez steals 3rd base
1-0: Ball
2-0: Ball
3-0: Called Strike
3-1: 2-RUN HOME RUN (Flyball, 7D, EV 98.1 MPH), Distance : 387 ft
Batting: RHB Jerry Afghani 0-0: Ball
1-0: Called Strike
1-1: Foul Ball, location: 2F
1-2: Ball
2-2: Fly out, F8 (Line Drive, 8LM, EV 94.4 MPH)
Batting: RHB Tan-ming Kwan 0-0: Ball
1-0: Ball
2-0: Called Strike
2-1: Foul Ball, location: 2F
2-2: Ball
3-2: Strikes out swinging
Top of the 6th over - 3 runs, 1 hit, 2 errors, 0 left on base; Tijuana 3 - Kelowna 2
BOTTOM OF THE 6TH
Kelowna Heat batting - Pitching for Tijuana Toros : RHP Vince Deschamps
Now at 1B: Jaylen North
Batting: SHB Michael Woodard 0-0: Ball
1-0: Ball
2-0: Ball
3-0: Base on Balls
Batting: RHB Jose Sanchez 0-0: Swinging Strike
0-1: Ball
1-1: Grounds into double play, 5-4-3 (Groundball, 56S, EV 81.9 MPH)
Pinch Hitting: RHB Mike Storey 0-0: Foul Ball, location: 2F
0-1: Ball
1-1: Foul Ball, location: 2F
1-2: Fly out, F8 (Flyball, 8LXD, EV 83.8 MPH)
Bottom of the 6th over - 0 runs, 0 hits, 0 errors, 0 left on base; Tijuana 3 - Kelowna 2
TOP OF THE 7TH
Tijuana Toros batting - Pitching for Kelowna Heat : RHP Chris Ebersole
Now in RF: Mike Storey
Batting: RHB Guillermo Puente 0-0: Called Strike
0-1: Ball
1-1: Swinging Strike
1-2: Ball
2-2: Strikes out swinging
Batting: RHB John Hanson 0-0: Foul Ball, location: 2F
0-1: Ball
1-1: Ball
2-1: Ground out 4-3 (Groundball, 4MD, EV 109.4 MPH)
Batting: RHB Jesus Herrera 0-0: Ball
1-0: Called Strike
1-1: Fly out, F3 (Popup, 23F, EV 86.9 MPH)
Top of the 7th over - 0 runs, 0 hits, 0 errors, 0 left on base; Tijuana 3 - Kelowna 2
BOTTOM OF THE 7TH
Kelowna Heat batting - Pitching for Tijuana Toros : RHP Vince Deschamps
Pinch Hitting: LHB Ricardo Torres 0-0: Foul Ball, location: 2F
0-1: Ball
1-1: Ball
2-1: Fly out, F3 (Popup, 3S, EV 71.9 MPH)
Batting: RHB Joe Nelson 0-0: Ball
1-0: Ground out 4-3 (Groundball, 4, EV 106.2 MPH)
Batting: LHB Willy Berrios 0-0: Foul Ball, location: 2F
0-1: Ball
1-1: Ball
2-1: Called Strike
2-2: Strikes out swinging
Bottom of the 7th over - 0 runs, 0 hits, 0 errors, 0 left on base; Tijuana 3 - Kelowna 2
TOP OF THE 8TH
Tijuana Toros batting - Pitching for Kelowna Heat : RHP Chris Ebersole
Now at 2B: Sean Gilbert
Now at 3B: Soichi Kaneshiro
Batting: RHB Djoka Subasic 0-0: Called Strike
0-1: Swinging Strike
0-2: DOUBLE (Flyball, 8RXD, EV 96.9 MPH)
Batting: LHB Jose Diaz 0-0: Intentional Walk
Pinch Runner at 2nd Mario Diaz:
Batting: RHB Jaylen North 0-0: Ball
1-0: 3-RUN HOME RUN (Flyball, 9D, EV 97.5 MPH), Distance : 369 ft
Pitching: RHP Newt Reid
Batting: RHB Alex Diaz 0-0: Ball
1-0: Fly out, F5 (Line Drive, 5, EV 71.9 MPH)
Batting: RHB Jerry Afghani 0-0: Called Strike
0-1: Fly out, F7 (Flyball, 7, EV 97.5 MPH)
Batting: RHB Tan-ming Kwan 0-0: Swinging Strike
0-1: Swinging Strike
0-2: Ball
1-2: Foul Ball, location: 2F
1-2: Foul Ball, location: 2F
1-2: Strikes out looking
Top of the 8th over - 3 runs, 2 hits, 0 errors, 0 left on base; Tijuana 6 - Kelowna 2
BOTTOM OF THE 8TH
Kelowna Heat batting - Pitching for Tijuana Toros : RHP Vince Deschamps
Now at 3B: Mario Diaz
Batting: RHB Sean Gilbert 0-0: Called Strike
0-1: Ball
1-1: Ball
2-1: Foul Ball, location: 2F
2-2: Ball
3-2: Strikes out swinging
Batting: LHB Billy Lang 0-0: Ball
1-0: Ball
2-0: Foul Ball, location: 2F
2-1: Ball
3-1: Foul Ball, location: 2F
3-2: Base on Balls
Pitching: LHP Victor Barron
Batting: LHB Alex Larangho 0-0: Foul Ball, location: 2F
0-1: Ball
1-1: Foul Ball, location: 2F
1-2: Ball
2-2: Strikes out swinging
Batting: SHB Michael Woodard 0-0: Swinging Strike
0-1: Ball
1-1: Ball
2-1: Swinging Strike
2-2: Ball
3-2: Base on Balls
Billy Lang to second
Batting: RHB Jose Sanchez 0-0: Foul Ball, location: 2F
0-1: Foul Ball, location: 2F
0-2: Ball
1-2: Fly out, F8 (Flyball, 8RD, EV 91.2 MPH)
Bottom of the 8th over - 0 runs, 0 hits, 0 errors, 2 left on base; Tijuana 6 - Kelowna 2
TOP OF THE 9TH
Tijuana Toros batting - Pitching for Kelowna Heat : RHP Newt Reid
Pitching: RHP Wally Dethridge
Batting: RHB Guillermo Puente 0-0: Called Strike
0-1: Called Strike
0-2: SOLO HOME RUN (Line Drive, 78XD, EV 116.2 MPH), Distance : 443 ft
Batting: RHB John Hanson 0-0: Called Strike
0-1: Ball
1-1: Foul Ball, location: 2F
1-2: Foul Ball, location: 2F
1-2: Ball
2-2: SINGLE (Flyball, 8LS, EV 85.6 MPH)
Batting: RHB Jesus Herrera 0-0: Ball
1-0: Called Strike
1-1: Called Strike
1-2: Ball
2-2: Ball
3-2: Foul Ball, location: 2F
3-2: Base on Balls
John Hanson to second
Batting: RHB Mario Diaz 0-0: Fly out, F8 (Flyball, 89M, EV 88.1 MPH)
Pitching: RHP Edward Jones
Batting: LHB Jose Diaz 0-0: Called Strike
0-1: Foul Ball, location: 2F
0-2: Ball
1-2: Ball
2-2: Ball
3-2: Foul Ball, location: 2F
3-2: Foul Ball, location: 2F
3-2: 3-RUN HOME RUN (Flyball, 89XD, EV 105.6 MPH), Distance : 413 ft
Pinch Hitting: SHB Dave Barboza 0-0: Swinging Strike
0-1: Ball
1-1: Ball
2-1: Ball
3-1: Foul Ball, location: 2F
3-2: Base on Balls
Batting: RHB Alex Diaz 0-0: Called Strike
0-1: Ball
Dave Barboza is caught stealing 2nd base 2-4
1-1: Ball
2-1: Swinging Strike
2-2: Ball
3-2: Strikes out swinging
Top of the 9th over - 4 runs, 3 hits, 0 errors, 0 left on base; Tijuana 10 - Kelowna 2
BOTTOM OF THE 9TH
Kelowna Heat batting - Pitching for Tijuana Toros : LHP Victor Barron
Now at 1B: Dave Barboza
Pinch Hitting: LHB Caleb Hartwell 0-0: Ball
1-0: Ground out U3 (Groundball, 3L, EV 92.5 MPH)
Batting: RHB Soichi Kaneshiro 0-0: Ball
1-0: Called Strike
1-1: Ground out 6-3 (Groundball, 6, EV 88.1 MPH)
Pinch Hitting: RHB Joey Black 0-0: Ball
1-0: Foul Ball, location: 2F
1-1: Ball
2-1: Called Strike
2-2: Ball
3-2: Base on Balls
Batting: LHB Willy Berrios 0-0: Swinging Strike
0-1: Foul Ball, location: 2F
0-2: Foul Ball, location: 2F
0-2: Ball
1-2: Foul Ball, location: 2F
1-2: Ball
2-2: Ball
3-2: Foul Ball, location: 2F
3-2: Base on Balls
Joey Black to second
Pitching: RHP Jimmy Hitchcock
Batting: RHB Sean Gilbert 0-0: Ball
1-0: Ball
2-0: Called Strike
2-1: Called Strike
2-2: Foul Ball, location: 2F
2-2: Strikes out swinging
Bottom of the 9th over - 0 runs, 0 hits, 0 errors, 2 left on base; Tijuana 10 - Kelowna 2
Sunday, July 16th , 2023 - OOTP Baseball 24.6 Build 69